 Dungeon Crawl Stone Soup version 0.27-a0-1448-g9c78c815f3 (webtiles) character file.

Game seed: 12053272414812465033

9001 Lekart the Carver (level 11, -1/171 HPs)
             Began as a White Draconian Chaos Knight on May 13, 2021.
             Was a Plaything of Xom.
             Slain by a yak (7 damage)
             ... on level 1 of the Lair of Beasts on July 5, 2021.
             The game lasted 00:26:42 (12620 turns).

Lekart the Carver (White Draconian Chaos Knight)   Turns: 12620, Time: 00:26:43

Health: -1/171     AC: 29    Str: 17    XL:     11   Next: 17%
Magic:  0/20       EV:  2    Int: 17    God:    Xom [.*....]
Gold:   529        SH:  0    Dex: 21    Spells: 18/20 levels left

rFire    . . .     SeeInvis .   a - +0 falchion (chaos)
rCold    . . .     Faith    .   (no shield)
rNeg     + + +     Spirit   +   (armour unavailable)
rPois    +         Reflect  .   (helmet currently unavailable)
rElec    .         Harm     .   (cloak currently unavailable)
rCorr    .         Rampage  .   (gloves currently unavailable)
Will     +....     Clarity  +   (boots currently unavailable) Stlth +++.......NoTele +
                                c - amulet of guardian spirit
HPRegen  0.38/turn              l - +4 ring of protection
MPRegen  0.17/turn              r - +6 ring of dexterity

@: mighty, tree-form
A: stationary, stasis, torment immunity, boosted hp, (breathe frost), AC +7,
unfitting armour, (cold resistance 1), (cold-blooded), (horns 2), (stinger 2),
(talons 2), thin skeletal structure 1, clarity, clever 2, high mp 1,
strong-willed 1, robust 2, (shaggy fur 1), strong 1, wild magic 1, MP-powered
wands, noise suppression
a: Renounce Religion


You were on level 1 of the Lair of Beasts.
You worshipped Xom.
You were a plaything of Xom.
You were a tree.
You visited 3 branches of the dungeon, and saw 12 of its levels.

You collected 717 gold pieces.
You spent 188 gold pieces at shops.

Inventory:

Hand Weapons
 a - a +0 falchion of chaos (weapon)
 j - a +3 spear of chaos
Missiles
 g - 8 curare-tipped darts (quivered)
 m - 3 throwing nets
Jewellery
 c - an amulet of guardian spirit (around neck)
 l - a +4 ring of protection (left branch)
 o - a ring of magical power
 r - a +6 ring of dexterity (right branch)
 t - a ring of wizardry
Scrolls
 b - 2 scrolls of amnesia
 f - 4 scrolls of enchant weapon
 n - a scroll of holy word
 q - a scroll of identify
Potions
 d - 4 potions of mutation
 i - a potion of haste
 k - 2 potions of magic
 p - a potion of flight


   Skills:
 + Level 8.5 Fighting
 + Level 10.2 Long Blades
 + Level 8.3 Dodging
 - Level 5.0 Spellcasting
 - Level 5.0 Transmutations
 - Level 5.0 Earth Magic


You had 18 spell levels left.
You knew the following spells:

 Your Spells              Type           Power      Damage    Failure   Level
a - Passwall              Tmut/Erth      22%        N/A       4%          2

Your spell library contained the following spells:

 Spells                   Type           Power      Damage    Failure   Level
 Sting                    Tmut/Pois      64%        1d6       8%          1
 Foxfire                  Conj/Fire      20%        2x1d5     21%         1
 Magic Dart               Conj           20%        1d4       21%         1
 Call Imp                 Summ           5%         N/A       30%         2
 Poisonous Vapours        Pois/Air       10%        N/A       30%         2
 Ignite Poison            Fire/Tmut/Pois 12%        N/A       30%         3
 Conjure Flame            Conj/Fire      5%         6-21      47%         3
 Inner Flame              Hex/Fire       5%         N/A       47%         3
 Mephitic Cloud           Conj/Pois/Air  5%         N/A       47%         3
 Ice Form                 Ice/Tmut       16%        N/A       54%         4
 Sticky Flame             Conj/Fire      5%         2d3       86%         4
 Fireball                 Conj/Fire      2%         3d4       99%         5
 Freezing Cloud           Conj/Ice/Air   2%         6-21      99%         5
 Eringya's Noxious Bog    Tmut/Pois      8%         N/A       100%        6
 Storm Form               Tmut/Air       8%         N/A       100%        7


Dungeon Overview and Level Annotations

Branches:
Dungeon (10/15)            Temple (1/1) D:4            Lair (1/6) D:8
    Orc: D:9-12

Altars:
Ashenzari
Cheibriados
Elyvilon
Fedhas
Gozag
Kikubaaqudgha
Makhleb
Nemelex Xobeh
Okawaru
Qazlal
Ru
Sif Muna
Trog
Uskayaw
Vehumet
Wu Jian
Xom
Yredelemnul
Zin
The Shining One

Shops:
D:3 ?   D:4 *   D:6 (

Annotations:
D:5 exclusion: 2 downstairs
D:9 exclusion: downstairs
Lair:1 exclusion: 2 oklob plants


Innate Abilities, Weirdness & Mutations

You are a tree.
Your roots penetrate the ground, keeping you stationary.
You cannot be teleported.
You are immune to unholy pain and torment.
Your maximum health is greatly increased.
Your equipment is partially melded.
((You can breathe waves of freezing cold which knock back foes.))
((Your icy white scales are hard. (AC +7)))
You cannot fit into any form of body armour.
((Your flesh is cold resistant. (rC+)))
((You are cold-blooded and may be slowed by cold attacks.))
((You have a pair of horns on your head.))
((Your tail ends in a sharp poisonous barb.))
((You have razor-sharp toenails.))
You have a somewhat thin skeletal structure. (Dex +2, Stealth+)
You possess an exceptional clarity of mind.
Your mind is very acute. (Int +4)
You have an increased reservoir of magic. (+10% MP)
You are strong-willed. (Will+)
You are very robust. (+20% HP)
((You are covered in fur. (AC +1)))
Your muscles are strong. (Str +2)
Your spells are a little harder to cast, but a little more powerful.
You expend magic power (3 MP) to strengthen your wands.
You passively dampen the noise of your surroundings.


Message History

The yak gores you but does no damage. The yak gores you.
* * * LOW HITPOINT WARNING * * *
The blink frog blinks!
The blink frog hits you but does no damage.
The blink frog hits your large abomination!
Okay, then.
You slash the yak!
The yak is moderately wounded.
The yak gores you but does no damage.
The blink frog hits you but does no damage.
The yak gores you.
* * * LOW HITPOINT WARNING * * *
The blink frog hits your large abomination!
As you read the scroll of fog, it crumbles to dust.
The scroll dissolves into smoke.
The blink frog hits you but does no damage.
The blink frog hits you.
* * * LOW HITPOINT WARNING * * *
Your large abomination closely misses the blink frog.
Your large abomination misses the blink frog.
The blink frog hits your large abomination.
The yak gores you!
* * * LOW HITPOINT WARNING * * *
The yak gores you.
* * * LOW HITPOINT WARNING * * *
The blink frog hits you but does no damage.
Your large abomination hits the blink frog!
Okay, then.
You barely miss the blink frog.
The blink frog is severely wounded.
The blink frog blinks!
The blink frog closely misses your large abomination.
Your large abomination hits the blink frog!!!
The blink frog dies!
Your large abomination misses the blink frog.
The yak gores you.
* * * LOW HITPOINT WARNING * * *
The blink frog hits you but does no damage.
The yak gores you!
You die...

#
P######################.
..........§.§...........
........P.##.P.FX.X.....
........########X§§.....
........# $$# #♣F§.....
........## P$# #YYX.....
.........#P!!# #§.§.....
.........#PPP#..........
..............#####.....
.........#....# .....
..........#... ....#
.........###. ..##
.........###..P


You could see 2 yaks, 2 blink frogs and 4 friendly large abominations.

Vanquished Creatures
  A cane toad (Lair:1)
  2 hornets
  Sigmund (D:5)
  13 yaks
  A basilisk (D:8)
  Grum (D:9)
  3 wyverns
  3 vampire mosquitoes (D:5)
  A steam dragon (D:8)
  4 water moccasins
  5 orc warriors
  A sky beast (D:5)
  3 black bears
  A necrophage (D:8)
  5 ogres
  8 wolves
  A centaur (D:7)
  3 lemures
  A phantom (D:6)
  2 wyvern zombies
  2 gnoll sergeants
  2 bullfrogs
  7 scorpions
  3 water moccasin zombies
  A wyvern skeleton (D:5)
  2 water moccasin skeletons
  3 killer bees (D:8)
  4 wights (D:8)
  2 howler monkeys
  A centaur zombie (D:5)
  A bullfrog zombie (D:5)
  2 hounds
  A jelly (D:5)
  2 orc priests
  2 centaur skeletons (D:5)
  A gnoll shaman (D:7)
  2 bullfrog skeletons (D:5)
  3 iguanas
  A scorpion zombie (D:5)
  Natasha (thrice) (D:3)
  5 orc wizards
  14 gnolls
  5 adders
  A white imp (D:7)
  An adder zombie (D:3)
  An adder skeleton (D:4)
  2 dart slugs
  25 orcs
  6 ball pythons
  8 endoplasms
  7 giant cockroaches
  12 goblins
  9 hobgoblins
  8 jackals
  4 quokkas
  3 bats
  6 frilled lizards
  6 kobolds
  5 rats
233 creatures vanquished.

Vanquished Creatures (collateral kills)
  A blink frog (Lair:1)
1 creature vanquished.

Vanquished Creatures (others)
  Pikel (D:6)
  2 iguanas (D:5)
  A white imp (D:8)
  An orc (D:8)
  A fungus (D:8)
  9 plants (D:8)
  4 toadstools (D:2)
  4 withered plants (D:5)
23 creatures vanquished.

Grand Total: 257 creatures vanquished

Notes
Turn   | Place    | Note
-------+----------+-------------------------------------------
     0 | D:1      | Lekart the Draconian Chaos Knight began the quest for the
                  | Orb.
     0 | D:1      | Reached XP level 1. HP: 19/19 MP: 1/1
    78 | D:1      | Upgraded the game from 0.27-a0-1149-g4505690ab0 to
                  | 0.27-a0-1438-g9b7c6745da
   286 | D:1      | XOM: potion effect (curing)
   290 | D:1      | Reached XP level 2. HP: 24/26 MP: 2/2
   546 | D:1      | XOM: give mutations
   546 | D:1      | Gained mutation: Your mind is acute. (Int +2) [Xom's
                  | mischief]
   546 | D:1      | Gained mutation: You occasionally shout uncontrollably at
                  | your foes. [Xom's mischief]
   546 | D:1      | Gained mutation: Your mind is very acute. (Int +4) [Xom's
                  | mischief]
   546 | D:1      | Gained mutation: Your muscles are strong. (Str +2) [Xom's
                  | mischief]
   829 | D:1      | XOM: give mutations
   829 | D:1      | Gained mutation: You have sharp toenails. [Xom's grace]
   829 | D:1      | Gained mutation: Your tail ends in a poisonous barb. [Xom's
                  | grace]
   829 | D:1      | Gained mutation: You have a somewhat thin skeletal
                  | structure. (Dex +2, Stealth+) [Xom's grace]
   829 | D:1      | Gained mutation: You passively dampen the noise of your
                  | surroundings. [Xom's grace]
   948 | D:1      | XOM: confuse monster(s)
  1021 | D:1      | XOM: fog
  1059 | D:1      | Reached XP level 3. HP: 33/33 MP: 3/3
  1352 | D:1      | XOM: cloud trail
  1714 | D:2      | XOM: god gift: Xom's Compendium of the Owl {god gift}
  1715 | D:2      | Got Xom's Compendium of the Owl {god gift}
  1719 | D:2      | Learned a level 2 spell: Passwall
  1776 | D:2      | XOM: give mutations
  1776 | D:2      | Gained mutation: You have an increased reservoir of magic.
                  | (+10% MP) [Xom's grace]
  1776 | D:2      | Gained mutation: You are robust. (+10% HP) [Xom's grace]
  1776 | D:2      | Gained mutation: You expend magic power (3 MP) to
                  | strengthen your wands. [Xom's grace]
  1776 | D:2      | Gained mutation: Your tail ends in a sharp poisonous barb.
                  | [Xom's grace]
  2125 | D:2      | XOM: smoke on damage
  2126 | D:2      | Reached skill level 4 in Long Blades
  2126 | D:2      | Reached XP level 4. HP: 33/44 MP: 4/4
  2404 | D:3      | Found a bloodstained altar of Trog.
  2443 | D:3      | Noticed a scorpion
  2451 | D:3      | Killed a scorpion
  2452 | D:3      | Reached XP level 5. HP: 36/50 MP: 4/6
  2563 | D:3      | Upgraded the game from 0.27-a0-1438-g9b7c6745da to
                  | 0.27-a0-1448-g9c78c815f3
  2627 | D:3      | Noticed Natasha
  2631 | D:3      | Found Zailiz Othrei's Magic Scroll Shoppe.
  2633 | D:3      | Killed Natasha
  2634 | D:3      | Reached skill level 1 in Transmutations
  2634 | D:3      | Reached skill level 1 in Earth Magic
  2647 | D:3      | Bought a scroll of enchant weapon for 97 gold pieces
  2647 | D:3      | Bought a scroll of identify for 26 gold pieces
  2674 | D:3      | Noticed Natasha
  2680 | D:3      | Killed Natasha
  2681 | D:3      | Reached skill level 1 in Spellcasting
  2804 | D:3      | XOM: 1-stop teleportation journey
  3251 | D:3      | XOM: fog
  3315 | D:3      | Noticed Natasha
  3325 | D:3      | Killed Natasha
  3664 | D:4      | Reached XP level 6. HP: 58/58 MP: 8/8
  3676 | D:4      | XOM: scenery: create altars
  3785 | D:4      | Reached skill level 5 in Long Blades
  3908 | D:4      | XOM: cloud trail
  4014 | D:4      | XOM: cloud trail
  4143 | D:4      | Your scales start taking on an icy white colour.
  4143 | D:4      | Reached XP level 7. HP: 62/66 MP: 8/10
  4143 | D:4      | Gained mutation: Your flesh is cold resistant. (rC+) [White
                  | Draconian growth]
  4225 | D:4      | XOM: enchant monster (bad)
  4409 | D:4      | Found Qinih's General Store.
  4412 | D:4      | Bought a potion of heal wounds for 65 gold pieces
  4426 | D:5      | Entered Level 5 of the Dungeon
  4621 | D:4      | Found a staircase to the Ecumenical Temple.
  4653 | D:4      | XOM: give mutations
  4653 | D:4      | Gained mutation: You are strong-willed. (Will+) [Xom's
                  | grace]
  4653 | D:4      | Gained mutation: Your system is resistant to poisons.
                  | (rPois) [Xom's grace]
  4737 | Temple   | Entered the Ecumenical Temple
  4932 | D:5      | XOM: destruction
  4981 | D:5      | XOM: confuse monster(s)
  5117 | D:5      | Reached skill level 5 in Fighting
  5188 | D:5      | Found a glowing golden altar of the Shining One.
  5278 | D:5      | XOM: silly message
  5326 | D:5      | Reached XP level 8. HP: 72/74 MP: 11/13
  5346 | D:5      | Reached skill level 6 in Long Blades
  5385 | D:5      | XOM: 1-stop teleportation journey
  5592 | D:5      | Lost mutation: Your system is resistant to poisons. (rPois)
                  | [potion of mutation]
  5592 | D:5      | Lost mutation: You expend magic power (3 MP) to strengthen
                  | your wands. [potion of mutation]
  5592 | D:5      | Lost mutation: Your tail ends in a sharp poisonous barb.
                  | [potion of mutation]
  5592 | D:5      | Lost mutation: You occasionally shout uncontrollably at
                  | your foes. [potion of mutation]
  5592 | D:5      | Gained mutation: You have a pair of small horns on your
                  | head. [potion of mutation]
  5606 | D:5      | XOM: divination: detect items
  5689 | D:5      | XOM: noise
  6014 | D:5      | XOM: noise
  6233 | D:5      | Reached skill level 5 in Dodging
  6291 | D:5      | Reached skill level 7 in Long Blades
  6381 | D:5      | XOM: god gift: scale mail {god gift}
  6566 | D:5      | XOM: potion effect (curing)
  6578 | D:5      | XOM: noise
  6587 | D:5      | Reached XP level 9. HP: 40/82 MP: 10/15
  6668 | D:5      | XOM: silly message
  6806 | D:6      | Noticed Pikel
  6924 | D:5      | XOM: silly message
  7080 | D:5      | XOM: god gift: 2 smoky brown potions {god gift}
  7130 | D:6      | Noticed Sigmund
  7137 | D:5      | Killed Sigmund
  7254 | D:5      | XOM: silly message
  7558 | D:6      | Found Bumu's Weapon Shop.
  7735 | D:6      | Killed Pikel
  7735 | D:6      | XOM: divine lightning
  7765 | D:6      | Found an ancient bone altar of Kikubaaqudgha.
  7765 | D:6      | XOM: 11-stop teleportation journey
  7803 | D:6      | XOM: 2-stop teleportation journey
  7905 | D:5      | XOM: god gift: 33 gold pieces
  7974 | D:5      | XOM: divination: detect items
  8243 | D:6      | XOM: give mutations
  8243 | D:6      | Gained mutation: You expend magic power (3 MP) to
                  | strengthen your wands. [Xom's grace]
  8243 | D:6      | Gained mutation: Your spells are a little harder to cast,
                  | but a little more powerful. [Xom's grace]
  8487 | D:6      | XOM: cloud trail
  8786 | D:6      | XOM: give mutations
  8786 | D:6      | Gained mutation: You have razor-sharp toenails. [Xom's
                  | grace]
  8786 | D:6      | Gained mutation: You are covered in fur. (AC +1) [Xom's
                  | grace]
  8792 | D:7      | XOM: noise
  9007 | D:7      | XOM: 4-stop teleportation journey
  9073 | D:7      | Paralysed by something for 1 turns
  9074 | D:7      | XOM: smoke on damage
  9076 | D:7      | Reached skill level 8 in Long Blades
  9257 | D:7      | XOM: god gift: 20 sling bullets
  9288 | D:7      | Reached skill level 5 in Earth Magic
  9298 | D:7      | XOM: give mutations
  9298 | D:7      | Gained mutation: You have a pair of horns on your head.
                  | [Xom's grace]
  9298 | D:7      | Gained mutation: Your tail ends in a sharp poisonous barb.
                  | [Xom's grace]
  9298 | D:7      | Gained mutation: You are very robust. (+20% HP) [Xom's
                  | grace]
  9298 | D:7      | Gained mutation: You possess an exceptional clarity of
                  | mind. [Xom's grace]
  9404 | D:7      | XOM: summons friendly iron imp
  9412 | D:7      | Reached skill level 5 in Transmutations
  9463 | D:7      | Found a sparkling altar of Nemelex Xobeh.
  9764 | D:8      | Reached XP level 10. HP: 96/100 MP: 15/18
  9944 | D:8      | Found a staircase to the Lair.
  9953 | D:8      | Reached skill level 5 in Spellcasting
 10202 | D:8      | XOM: divination: magic mapping
 10269 | D:8      | XOM: fog
 10272 | D:8      | XOM: enchant monster (good)
 10273 | D:8      | XOM: summons friendly crimson imp
 10280 | D:8      | XOM: 3-stop teleportation journey
 10322 | D:8      | XOM: noise
 10346 | D:8      | Found a broken altar of Ashenzari.
 10346 | D:8      | Found a white marble altar of Elyvilon.
 10378 | D:8      | XOM: enchant monster (bad)
 10380 | D:8      | Reached skill level 9 in Long Blades
 10380 | D:8      | XOM: noise
 10412 | D:7      | XOM: cast spell 'Summon Small Mammal'
 10427 | D:8      | XOM: cleaving
 10510 | D:8      | XOM: 2-stop teleportation journey
 10541 | D:8      | XOM: 5-stop teleportation journey
 11570 | D:9      | XOM: scenery: 1 doors close
 11581 | D:9      | XOM: enchant monster (bad)
 11766 | D:9      | Noticed Grum
 11767 | D:9      | XOM: chaos upgrade
 11772 | D:9      | Reached XP level 11. HP: 105/112 MP: 18/20
 11776 | D:9      | Reached skill level 10 in Long Blades
 11784 | D:9      | Killed Grum
 12429 | D:10     | Entered Level 10 of the Dungeon
 12429 | D:10     | Noticed a death knight
 12496 | Lair:1   | Entered Level 1 of the Lair of Beasts
 12572 | Lair:1   | Noticed an oklob plant
 12572 | Lair:1   | Noticed an oklob plant
 12597 | Lair:1   | XOM: silly message
 12606 | Lair:1   | XOM: swap monsters
 12607 | Lair:1   | XOM: potion effect (might)
 12617 | Lair:1   | XOM: cast spell 'Summon Horrible Things'
 12619 | Lair:1   | HP: 7/171 [yak (5)]
 12620 | Lair:1   | Slain by a yak

Illustrated notes

Levels and vault maps discovered:
D:1:      psy_arrival_conway, layout_basic
D:2:      layout_basic, minmay_gold_behind_fungi
D:3:      layout_loops_cross, bloody_trog, serial_shops, shop, st_stairs_8,
          uniq_natasha
D:4:      layout_loops_cross, minmay_temple_entry_fiery, serial_shops,
          kennysheep_mini, chequers_jeans
D:5:      layout_basic, lemuel_doored_altar, serial_undead, serial_undead_b,
          serial_undead_a, serial_undead_b, serial_undead_e, serial_undead_c,
          serial_undead_c, serial_undead_c
D:6:      layout_basic, nicolae_overflow_hidden_temple, serial_shops,
          nicolae_shop_statue_plus, uniq_pikel, uniq_sigmund
D:7:      layout_loops_ring, nemelex_diamond_rough_becter
D:8:      layout_layer_cave, gammafunk_temple_overflow_statue,
          minmay_lair_entry_grove
D:9:      layout_roguey, uniq_grum
D:10:     layout_basic, riverfiend_overflow_shadow_ancestor,
          kennysheep_orc_monster_closet_entryway, ebering_ghost_reflecting_pool,
          nicolae_shop_sticking_my_neck_out
Temple:   nicolae_temple_great_sept
Lair:1:   layout_small_grid, grunt_megastairs_4, minmay_lair_oklob_chamber,
          uniq_sonja

Skill      XL: |  1  2  3  4  5  6  7  8  9 10 11 |
---------------+----------------------------------+-----
Fighting       | 4 5 6 8 |  8.5
Long Blades    | 4 5 7 8 9 10 | 10.2
Transmutations | 1 2 4 5 |  5.0
Earth Magic    | 1 2 4 5 |  5.0
Dodging        | 3 4 5 6 8 |  8.3
Spellcasting   | 1 2 3 4 5 |  5.0

Action                   |  1- 3 |  4- 6 |  7- 9 | 10-12 || total
-------------------------+-------+-------+-------+-------++-------
Melee: Falchion          |    95 |   149 |   293 |   214 ||   751
       Tailslap          |     8 |    19 |    58 |    51 ||   136
       Kick              |     8 |    42 |   124 |   119 ||   293
       Headbutt          |       |       |    47 |    70 ||   117
       Spear             |       |       |       |    13 ||    13
Throw: Throwing net      |       |       |     1 |       ||     1
 Abil: Breathe Frost     |       |       |    10 |     1 ||    11
  Use: Scroll            |       |     8 |     3 |     4 ||    15
       Potion            |       |     3 |     7 |     2 ||    12
 Stab: Sleeping          |     6 |     7 |     2 |     2 ||    17
       Distracted        |       |     1 |       |       ||     1
       Paralysed         |       |       |     5 |     3 ||     8
       Invisible         |       |       |     1 |       ||     1
       Petrified         |       |       |       |     5 ||     5
       Confused          |       |       |       |     4 ||     4
Armor: Skin              |    20 |    67 |    85 |    79 ||   251
Dodge: Dodged            |    81 |    92 |   240 |   183 ||   596
       Rpst.: Falchion   |    32 |    24 |    65 |    63 ||   184

Table legend: (Time is in decaauts)
 A = Elapsed time spent in this place.
 B = Non-inter-level travel time spent in this place.
 C = Inter-level travel time spent in this place.
 D = Time resting spent in this place.
 E = Time spent auto-exploring this place.
 F = Levels seen in this place.
 G = Mean time per level.
                   A        B        C        D        E       F      G
               +--------+--------+--------+--------+--------+-----+--------+
         Total |  12619 |  12018 |    601 |   2382 |   7584 |  12 | 1051.6 |
       Dungeon |  12412 |  11825 |    587 |   2382 |   7433 |  10 | 1241.2 |
        Temple |     86 |     73 |     13 |      0 |     73 |   1 |   86.0 |
          Lair |    120 |    120 |      0 |      0 |     78 |   1 |  120.0 |
               +--------+--------+--------+--------+--------+-----+--------+

Top non-repeatable levels by time:
     D:5: 2296 daAuts
     D:8: 1658 daAuts
     D:1: 1449 daAuts
     D:6: 1433 daAuts
     D:4: 1389 daAuts
     D:3: 1228 daAuts
     D:9: 1047 daAuts
     D:7: 962 daAuts
     D:2: 945 daAuts
  Lair:1: 120 daAuts
  Temple: 86 daAuts
    D:10: 2 daAuts
